 Dungeon Crawl Stone Soup version 0.23-a0-558-g30802b1 (webtiles) character file.

59 Geeful the Sneak (level 4, -6/27 HPs)
             Began as an Octopode Earth Elementalist on Dec 12, 2018.
             Mangled by Crazy Yiuf
             ... wielding a +3 quarterstaff of chaos
              (10 damage)
             ... on level 2 of the Dungeon.
             The game lasted 00:07:25 (1805 turns).

Geeful the Sneak (Octopode Earth Elementalist)      Turns: 1805, Time: 00:07:26

Health: -6/27      AC:  1    Str:  7    XL:     4   Next: 3%
Magic:  3/7        EV: 14    Int: 18    God:
Gold:   66         SH:  0    Dex: 12    Spells: 5/8 levels left

rFire    . . .     SeeInvis .   e - +0 dagger
rCold    . . .     Gourm    .   (no shield)
rNeg     . . .     Faith    .   (helmet restricted)
rPois    .         Spirit   .   (no amulet)
rElec    .         Reflect  .   a - ring of resist corrosion
rCorr    +         Harm     .   d - ring of stealth
MR       .....                  (no ring)
Stlth    ++++......             (no ring)
HPRegen  0.09/turn              (no ring)
MPRegen  0.10/turn              (no ring)
                                (no ring)
                                (no ring)

@: no status effects
A: almost no armour, stealthy swim, amphibious, 8 rings, constrict 8, camouflage
1, gelatinous body 1
a: no special abilities


You were on level 2 of the Dungeon.
You were not hungry.

You visited 1 branch of the dungeon, and saw 3 of its levels.

You collected 66 gold pieces.

Inventory:

Hand Weapons
 e - a +0 dagger (weapon)
Missiles
 b - 92 stones (quivered)
 g - 17 poisoned needles
Jewellery
 a - a ring of resist corrosion (left tentacle)
 d - a ring of stealth (right tentacle)
Scrolls
 h - a scroll of remove curse
 k - a scroll of enchant armour
Potions
 f - a potion of degeneration {unknown}
Comestibles
 c - 6 rations
 j - a chunk of flesh


   Skills:
 + Level 2.6 Dodging
 + Level 3.7 Stealth
 + Level 2.6 Spellcasting
 - Level 1.0 Transmutations
 + Level 3.5 Earth Magic


You had 5 spell levels left.
You knew the following spells:

 Your Spells              Type           Power        Failure   Level  Hunger
a - Sandblast             Erth           ##....       4%          1    #......
b - Passwall              Tmut/Erth      ##......     11%         2    ##.....

Your spell library contained the following spells:

 Spells                   Type           Power        Failure   Level  Hunger
 Stone Arrow              Conj/Erth      #.....       26%         3    ###....
 Petrify                  Tmut/Erth      ##......     56%         4    #####..
 Lee's Rapid Deconstruct  Erth           ##........   75%         5    ######.


Dungeon Overview and Level Annotations

Branches:
Dungeon (3/15)

Altars:
Vehumet
Wu Jian

Annotations:
D:2 Crazy Yiuf


Innate Abilities, Weirdness & Mutations

You cannot wear most types of armour.
You are very stealthy in the water. (Stealth+)
You are amphibious.
You can wear up to eight rings at the same time.
You can use your tentacles to constrict eight enemies at once.
Your skin changes colour to match your surroundings (Stealth+).
Your rubbery body absorbs attacks. (AC +1, EV +1)


Message History

Press: ? - help, Shift-Dir - straight line, f/p - Crazy Yiuf
Aim: Crazy Yiuf, wielding a +3 quarterstaff of chaos and wearing a +0 cloak of The blast of sand hits Crazy Yiuf.
Crazy Yiuf is severely wounded.
b - 93 stones Crazy Yiuf whimpers, "Key turtle cower!"
Crazy Yiuf hits you with a +3 quarterstaff of chaos.
* * * LOW HITPOINT WARNING * * *
Crazy Yiuf burns you.
* * * LOW HITPOINT WARNING * * *
Casting: Sandblast (safe; 4% risk of failure)
Confirm with . or Enter, or press ? or * to list all spells.
Aiming: Sandblast (safe; 4% risk of failure)
Press: ? - help, Shift-Dir - straight line, f/p - Crazy Yiuf
Aim: Crazy Yiuf, wielding a +3 quarterstaff of chaos and wearing a +0 cloak of The blast of sand hits Crazy Yiuf.
Crazy Yiuf is almost dead.
b - 92 stones Crazy Yiuf hits you with a +3 quarterstaff of chaos!
You die...

*,***** **+** *,* #
,,,,,,* **,,,** *,* #
,,***,* *,,,,,* *,* ###
# ,,**,,* ******* ***
###.## # ,,*,,,*****
#....### ,,,,,,,,,+*
#...[... ,**,,,*****
####* ######.####
,***,,* #)..###
##....#.# ,****,*
#..g@.####.......#
,,,,,,*
#...##..#........#
*****,****
####*###.#.......#
*,,,,<,,,* ###########
*,***,**,* *,*
*,**,************ ***
*,* *,**,**,*,,,,,,,*
*,* *,*
*,,,,,,,,,,,,,*,* *,*
*,*
****,****,,,*,*,*****,*


You could see Crazy Yiuf.

Vanquished Creatures
  An adder (D:2)
  A dart slug (D:2)
  A leopard gecko (D:2)
  6 bats
  3 giant cockroaches (D:2)
  4 goblins (D:1)
  9 hobgoblins
  4 jackals (D:1)
  5 kobolds
  2 quokkas
  A frilled lizard (D:1)
  5 rats
42 creatures vanquished.

Notes
Turn   | Place    | Note
-------+----------+-------------------------------------------
     0 | D:1      | Geeful the Octopode Earth Elementalist began the quest for
                  | the Orb.
     0 | D:1      | Reached XP level 1. HP: 11/11 MP: 3/3
   199 | D:1      | Reached XP level 2. HP: 17/17 MP: 5/5
   714 | D:1      | Learned a level 2 spell: Passwall
   873 | D:3      | Reached XP level 3. HP: 21/21 MP: 4/6
  1630 | D:2      | Found an ornate altar of the Wu Jian Council.
  1682 | D:2      | Found a radiant altar of Vehumet.
  1688 | D:2      | Reached XP level 4. HP: 27/27 MP: 7/7
  1793 | D:2      | Found a runed door.
  1797 | D:2      | Noticed Crazy Yiuf
  1805 | D:2      | Mangled by Crazy Yiuf

Vault maps used:
D:1:      tarquinn_simple_flora_water_e
D:2:      lemuel_round_altar, lemuel_doored_altar, first_ration,
          uniq_crazy_yiuf_cottage
D:3:      corexii_leaking_fountain, serial_bayou_lagoon_a, uniq_terence

Skill      XL: |  1 |
---------------+----+-----
Stealth        | 3 |  3.7
Dodging        | |  2.6
Spellcasting   | |  2.6
Transmutations | |  1.0
Earth Magic    | |  3.5

Action                   |  1- 3 |  4- 6 || total
-------------------------+-------+-------++-------
Melee: Unarmed           |    14 |       ||    14
       Constrict         |    25 |       ||    25
       Tentacles         |    17 |       ||    17
       Dagger            |    58 |     3 ||    61
 Cast: Sandblast         |    22 |     4 ||    26
  Use: Scroll            |     3 |       ||     3
       Potion            |       |     2 ||     2
 Stab: Sleeping          |     9 |     2 ||    11
  Eat: Chunk             |     3 |       ||     3
Armor: Skin              |     6 |       ||     6
Dodge: Dodged            |    58 |     1 ||    59

Table legend:
 A = Non-vault XP
 B = Vault XP
 C = Vault XP percentage of total XP
 D = Non-vault monster count
 E = Vault monster count
 F = Vault count percentage of total count
                 A         B        C        D         E       F
            +---------+---------+-------+---------+---------+-------
      Total |      85 |       0 |   0.0 |      42 |       0 |   0.0
            +---------+---------+-------+---------+---------+-------
        D:1 |      41 |       0 |   0.0 |      25 |       0 |   0.0
        D:2 |      37 |       0 |   0.0 |      13 |       0 |   0.0
        D:3 |       7 |       0 |   0.0 |       4 |       0 |   0.0
            +---------+---------+-------+---------+---------+-------
